maxine, chaotic female human Rogue -------- |..(...| ########## #-.....%| #------ # ###|......| #|....| # --------------- # |.....%| ------------- #|.(..|#####..............| ### |......| .`.........`.###%##|....|# |.............| -----# |......| |.....`.....| ##.....|# |.............| |>..|# -.---+-- |...-----...| |....|# ..............| |..%.# ## |...|.{.|...| |....|### |.......<.....| |.^.| # |..`.{.{|`..| ------# --------------- --.--######%f@f |...|.{.|...+ # #### -|---.-+- #....-----...| |....^..-####|.....`.....| |.......| |`.........`| |.......| ------------- --------- maxine the Cutpurse Experience level: 5 Strength: 15 Dexterity: 18 Constitution: 18 Intelligence: 9 Wisdom: 8 Charisma: 7 Health: 0(51) Energy: 17(17) Def: 7 Gold: 0 Moves: 2537 Dungeon seed: l8cByrFHtSloFG75 Game ID: maxine_1533226958 Your Inventory: Weapons a - an uncursed +0 dagger named Sharptooth (weapon in hand) b - 8 uncursed +0 daggers (in quiver) o - a blessed +0 long sword named nc v - an uncursed +0 long sword named nc Armor e - an uncursed +1 leather armor (being worn) n - an uncursed +0 pair of low boots (being worn) q - a blessed +1 orcish helm (being worn) r - an uncursed +0 elven cloak (being worn) Comestibles C - 2 uncursed food rations Rings F - an uncursed ring of slow digestion Tools k - an uncursed lock pick w - an uncursed magic flute (0:6) B - an uncursed sack Contents of the sack: 636 gold pieces an uncursed +0 short sword 2 uncursed scrolls of create monster a blessed scroll of fire an uncursed scroll of light a blessed potion of extra healing an uncursed potion of gain level an uncursed potion of restore ability an uncursed potion of sickness an uncursed wand of probing (0:6) an uncursed wand of slow monster (0:4) Spells and supernatural/magical abilities: Name Level Category Fail Memory W - pray for help -- divine ? -- Your skills at the end: Fighting Skills Weapon Skills dagger [Skilled] short sword [Basic] Spellcasting Skills Final Attributes: You were piously aligned. You were telepathic. You were stealthy. You are dead. Vanquished creatures: a giant spider a pony a shrieker a black naga hatchling an elf zombie 2 floating eyes a wererat 3 iguanas 2 acid blobs a hobgoblin a cave spider a brown mold 2 yellow molds 5 jackals 2 foxes 2 kobolds a goblin 3 sewer rats 6 grid bugs 7 lichens 3 kobold zombies 3 newts 50 creatures vanquished. Voluntary challenges: You used a wielded weapon 56 times, starting on turn 162. You read items or engraved 17 times, starting on turn 2370. You never genocided any monsters. You never polymorphed an object. You never changed form. You used no wishes. You never split a pudding. You wrote Elbereth's name 14 times, starting on turn 2371. You never violated your personal moral code. Dungeon overview: The Dungeons of Doom: levels 1 to 7 Level 1 some fountains a long staircase Level 2 a fountain Level 3 a potion shop, an altar to Issek, a fountain stairs to The Gnomish Mines Level 4 Level 5 a sink Level 6 Level 7 <- You were here many fountains The Gnomish Mines: Level 4 stairs to The Dungeons of Doom History has recorded: On T:1 you entered the Dungeons of Doom to retrieve the Amulet of Yendor! On T:156 you reached level 2 of The Dungeons of Doom. On T:659 you advanced to experience level 2. On T:946 you reached level 3 of The Dungeons of Doom. On T:1053 you reached level 1 of The Gnomish Mines. On T:1187 you reached level 4 of The Dungeons of Doom. On T:1327 you advanced to experience level 3. On T:1460 you reached level 5 of The Dungeons of Doom. On T:1655 you reached level 6 of The Dungeons of Doom. On T:2115 you advanced to experience level 4. On T:2215 you reached level 7 of The Dungeons of Doom. On T:2518 you advanced to experience level 5. Score breakdown: Gold: 636 ( 9538 points) Experience: 5 levels (11141 points) Exploration: 7 levels ( 13.46%) (10289 points) Discoveries: 5 items ( 1.68%) ( 3885 points) Valuables value: (no points given unless you survive) Artifact value: 0 ( 0 points) Variety of kills: 22 monsters ( 5.77%) ( 7208 points) Turncount: 2537 turns ( -352 points) Survival: died (score multiplied by 80%) Total score: 33367 Latest messages: You are now more skilled in dagger. You hit the iguana. You are beginning to feel hungry. You kill the iguana! Welcome to experience level 5. F - a shiny ring. You displace Trouble. You hear a door open. You destroy the kobold zombie! You see here a kobold corpse. You hear a nearby zap. The jaguar hits! (2x) The jaguar bites! You hit the jaguar. The jaguar hits! (2x) The jaguar bites! You write in the dust with your fingers. The jaguar hits! (2x) The jaguar misses. The jaguar hits! (2x) You die... Final status: Goodbye maxine the Rogue, killed by a jaguar... You died in The Dungeons of Doom on dungeon level 7 with 33367 points, and 636 pieces of gold, after 2537 moves. You were level 5 with a maximum of 51 hit points when you died.